[Event "39 Open Internacional de San Sebastian [Fide Code Event 127615]"]
[Site "Donostia - San Sebastian"]
[Date "2016.03.22"]
[Round "5"]
[White "SEGOVIA SANCHEZ, Antonio"]
[Black "SANTOS LATASA, Jaime"]
[Result "0-1"]
[BlackElo "2531"]
[ECO "A45"]
[Opening "Indian"]
[Variation "2.Bf4"]
[WhiteElo "2074"]
[TimeControl "420+3"]
[Termination "normal"]
[PlyCount "92"]
[WhiteType "human"]
[BlackType "human"]

1. d4 Nf6 2. Bf4 d5 3. e3 c5 4. Nf3 Nc6 5. Nc3 a6 6. a3 e6 7. Be2 Be7 8. h3
O-O 9. O-O b5 10. Ne5 Bb7 11. Bf3 Nxe5 12. Bxe5 Rc8 13. Ne2 Re8 14. c3 a5
15. Bf4 Nd7 16. g4 Nb6 17. Qd3 Nc4 18. b3 Nxa3 19. dxc5 b4 20. cxb4 axb4
21. e4 dxe4 22. Bxe4 Qxd3 23. Bxd3 Red8 24. Rfd1 Rxc5 25. Be3 Rcc8 26. Bb6
Rd6 27. Ba5 Rd5 28. Bb6 Bf6 29. Ra2 g5 30. Ng3 Be5 31. Nf1 Rc6 32. Ba7 Rcd6
33. Bb8 Rxd3 34. Rxd3 Rxd3 35. Bxe5 Rxb3 36. Rd2 Bd5 37. Bf6 Rxh3 38. Ng3
Rh4 39. f3 h6 40. Rd4 Nc2 41. Rd1 Rh3 42. Nf5 Kh7 43. Rd2 Ne1 44. Rd1 Nxf3+
45. Kg2 Rh2+ 46. Kg3 Rd2 0-1

[Event "39 Open Internacional de San Sebastian [Fide Code Event 127615]"]
[Site "Donostia - San Sebastian"]
[Date "2016.03.22"]
[Round "5"]
[White "MOVSZISZIAN, Karen"]
[Black "SCHOLZEN, Wolfgang"]
[Result "1-0"]
[BlackElo "2065"]
[ECO "A02"]
[Opening "Bird Opening"]
[Variation "Mortar Attack, 4.Bg2 O-O 5.O-O c5"]
[WhiteElo "2464"]
[TimeControl "420+3"]
[Termination "normal"]
[PlyCount "92"]
[WhiteType "human"]
[BlackType "human"]

1. g3 Nf6 2. Bg2 g6 3. f4 Bg7 4. Nf3 c5 5. O-O O-O 6. d3 Nc6 7. Nc3 d6 8.
Nh4 e6 9. e4 Nd4 10. Be3 Ne8 11. Qd2 Rb8 12. Nd1 f5 13. c3 Nc6 14. Nf2 Nf6
15. Kh1 Qc7 16. Rac1 b6 17. b4 Bb7 18. a3 Rbd8 19. Qa2 Qf7 20. Rfe1 Rfe8
21. Re2 Rd7 22. Rce1 fxe4 23. dxe4 Rc7 24. Rd1 Bf8 25. Nf3 e5 26. Qb1 h6
27. Red2 cxb4 28. cxb4 exf4 29. Bxf4 Ne5 30. Bxe5 dxe5 31. Nh4 g5 32. Nf5
Rec8 33. Rf1 Rd7 34. Rxd7 Qxd7 35. Qb2 Ba6 36. Rd1 Qc7 37. Qb3+ Bc4 38. Qf3
Bg7 39. Rc1 Qd8 40. Ng4 Nxg4 41. Qxg4 Ba6 42. Rd1 Qc7 43. Bf1 Bb7 44. Rd7
Bxe4+ 45. Kg1 Bxf5 46. Qxf5 Qc4 1-0

[Event "39 Open Internacional de San Sebastian [Fide Code Event 127615]"]
[Site "Donostia - San Sebastian"]
[Date "2016.03.22"]
[Round "5"]
[White "PAUNOVIC, Dragan"]
[Black "LAGOS LEJARRAGA, Jon"]
[Result "1-0"]
[BlackElo "1919"]
[ECO "A04"]
[Opening "Reti Opening"]
[Variation "1...c5 2.g3 Nc6 3.Bg2"]
[WhiteElo "2427"]
[TimeControl "420+3"]
[Termination "normal"]
[PlyCount "77"]
[WhiteType "human"]
[BlackType "human"]

1. Nf3 c5 2. g3 Nc6 3. Bg2 e5 4. e4 g6 5. O-O Bg7 6. c3 Nge7 7. d3 O-O 8.
a3 d6 9. b4 a6 10. Nbd2 b6 11. Bb2 Qc7 12. Nc4 h6 13. a4 cxb4 14. cxb4 Be6
15. Qd2 b5 16. axb5 axb5 17. Na5 Qb6 18. Rfd1 Rac8 19. d4 Bg4 20. d5 Nd8
21. Rdc1 Nb7 22. Qe3 Qxe3 23. fxe3 Nxa5 24. bxa5 f5 25. Nd2 Bf6 26. Ba3 Bg5
27. Nf1 f4 28. h4 f3 29. hxg5 fxg2 30. Nd2 Rxc1+ 31. Rxc1 Nc8 32. Kxg2 hxg5
33. Rc6 Rd8 34. Nf3 Kf7 35. Rc7+ Kf6 36. Bb4 Rh8 37. a6 Rd8 38. Rb7 Rd7 39.
Nh2 1-0

[Event "39 Open Internacional de San Sebastian [Fide Code Event 127615]"]
[Site "Donostia - San Sebastian"]
[Date "2016.03.22"]
[Round "5"]
[White "TORRES GANUZA, Francisco Javie"]
[Black "TRATAR, Marko"]
[Result "0-1"]
[BlackElo "2471"]
[ECO "E11"]
[Opening "Bogo-Indian"]
[Variation "Nimzowitsch, 5.Nc3"]
[WhiteElo "2109"]
[TimeControl "420+3"]
[Termination "normal"]
[PlyCount "76"]
[WhiteType "human"]
[BlackType "human"]

1. d4 Nf6 2. c4 e6 3. Nf3 Bb4+ 4. Bd2 Qe7 5. Nc3 O-O 6. e3 b6 7. Be2 Bb7 8.
O-O d6 9. a3 Bxc3 10. Bxc3 Ne4 11. Qc2 Nd7 12. Rfe1 f5 13. Nd2 Qh4 14. Nxe4
fxe4 15. Bf1 Rf6 16. g3 Qh5 17. Qe2 Qf5 18. Bg2 Raf8 19. Rf1 h5 20. b4 R6f7
21. Bb2 Nf6 22. f3 exf3 23. Bxf3 Bxf3 24. Rxf3 Qg4 25. Rf2 Qxe2 26. Rxe2
Ne4 27. Rc1 g5 28. Rcc2 g4 29. Kg2 Rf1 30. Bc3 R8f3 31. Be1 Rf7 32. Bc3 Rd1
33. Be1 Rd3 34. Ra2 Rf3 35. b5 Rfxe3 36. Bb4 Rxe2+ 37. Rxe2 Rxd4 38. Re3
Rxc4 0-1

[Event "39 Open Internacional de San Sebastian [Fide Code Event 127615]"]
[Site "Donostia - San Sebastian"]
[Date "2016.03.22"]
[Round "5"]
[White "PEREZ PACHECO, Ricardo"]
[Black "POGORELOV, Ruslan"]
[Result "1-0"]
[BlackElo "2347"]
[ECO "B48"]
[Opening "Sicilian"]
[Variation "Taimanov, 6.Be3 a6"]
[WhiteElo "2141"]
[TimeControl "420+3"]
[Termination "normal"]
[PlyCount "84"]
[WhiteType "human"]
[BlackType "human"]

1. e4 c5 2. Nf3 Nc6 3. d4 cxd4 4. Nxd4 Qc7 5. Nc3 e6 6. Be3 a6 7. Qf3 Nf6
8. O-O-O Bb4 9. Nxc6 bxc6 10. Bd4 Bd6 11. Na4 Be5 12. Nb6 Rb8 13. Bxe5 Qxe5
14. Nc4 Qg5+ 15. Rd2 O-O 16. e5 Nd5 17. h4 Qe7 18. Bd3 a5 19. Nd6 f6 20.
Qe4 f5 21. Qf3 Bb7 22. c4 Nb4 23. Bb1 Ba8 24. Qe3 c5 25. f3 Na6 26. h5 Bc6
27. Rg1 Qh4 28. g4 fxg4 29. Rxg4 Qh1+ 30. Rd1 Qxd1+ 31. Kxd1 Bxf3+ 32. Ke1
Bxg4 33. Qd3 Bf5 34. Nxf5 exf5 35. Qxd7 Rbe8 36. e6 Rd8 37. Qb7 Nb8 38. Bc2
Rde8 39. Qd5 Re7 40. Bxf5 Nd7 41. Kd1 Nf6 42. Qxc5 Rd8+ 1-0

[Event "39 Open Internacional de San Sebastian [Fide Code Event 127615]"]
[Site "Donostia - San Sebastian"]
[Date "2016.03.22"]
[Round "5"]
[White "AOUT, Sebastien"]
[Black "TROFFIGUER, Olivier"]
[Result "1-0"]
[BlackElo "2069"]
[ECO "B59"]
[Opening "Sicilian"]
[Variation "Boleslavsky, 7.Nb3 Be7 8.O-O O-O 9.f4"]
[WhiteElo "2258"]
[TimeControl "420+3"]
[Termination "normal"]
[PlyCount "127"]
[WhiteType "human"]
[BlackType "human"]

1. e4 c5 2. Nf3 d6 3. d4 cxd4 4. Nxd4 Nf6 5. Nc3 Nc6 6. Be2 e5 7. Nb3 Be7
8. O-O O-O 9. f4 exf4 10. Rxf4 Be6 11. Be3 Nd7 12. Rf1 a6 13. Qd2 Rc8 14.
Rad1 Nce5 15. Nd4 Nc4 16. Bxc4 Bxc4 17. Rf2 Ne5 18. Nf5 Ng4 19. Rf3 Nxe3
20. Qxe3 Be6 21. Nxe7+ Qxe7 22. Qd4 Rc6 23. Rfd3 b5 24. a3 Bc4 25. R3d2 h6
26. h3 Rfc8 27. Kh2 a5 28. Re1 b4 29. axb4 axb4 30. Nd1 Qe5+ 31. Kg1 Be6
32. Qxe5 dxe5 33. Ne3 Kf8 34. Ra1 f6 35. Kf2 Kf7 36. Ra4 Rb8 37. Ra7+ Kg6
38. g4 Rbb6 39. Kg3 b3 40. c3 Rd6 41. Nf5 Bxf5 42. gxf5+ Kh5 43. Rd7 Rdc6
44. Rxg7 Rc4 45. Kf3 Rxc3+ 46. bxc3 b2 47. Rxb2 Rxb2 48. Ke3 Rh2 49. Rg6
Rxh3+ 50. Kd2 Rh2+ 51. Kd3 Rh3+ 52. Kc4 Re3 53. Kd5 Rxc3 54. Rxf6 Kg5 55.
Rg6+ Kf4 56. f6 Rd3+ 57. Ke6 Rd8 58. Rxh6 Kxe4 59. Rh4+ Kf3 60. Kxe5 Kg3
61. Rc4 Rd1 62. f7 Rf1 63. Ke6 Re1+ 64. Kf6 1-0

[Event "39 Open Internacional de San Sebastian [Fide Code Event 127615]"]
[Site "Donostia - San Sebastian"]
[Date "2016.03.22"]
[Round "5"]
[White "MARTINET, Regis"]
[Black "FERNANDEZ DE BOBADILLA, Gabrie"]
[Result "0-1"]
[BlackElo "2256"]
[ECO "A17"]
[Opening "English"]
[Variation "Anglo-Indian, 2.Nc3 e6 3.g3"]
[WhiteElo "2061"]
[TimeControl "420+3"]
[Termination "normal"]
[PlyCount "74"]
[WhiteType "human"]
[BlackType "human"]

1. c4 Nf6 2. Nc3 e6 3. g3 d5 4. cxd5 exd5 5. Nf3 c6 6. d4 Bf5 7. Bg5 Nbd7
8. Ne5 h6 9. Bxf6 Nxf6 10. Bg2 Bd6 11. f4 Qb6 12. Qd2 O-O 13. a3 Qb3 14.
O-O Rfe8 15. Rac1 Rad8 16. e3 Nd7 17. Rf2 f6 18. Nxd7 Rxd7 19. Nd1 Rde7 20.
Rc3 Qb6 21. h3 Qd8 22. b4 a6 23. Qa2 Qd7 24. Kh2 Kh8 25. Qb3 h5 26. h4 g5
27. hxg5 fxg5 28. fxg5 h4 29. Kg1 Bxg3 30. e4 Bxf2+ 31. Nxf2 dxe4 32. Qd1
e3 33. Nh1 e2 34. Qe1 Qxd4+ 35. Nf2 Rg7 36. Rc5 Rxg5 37. Kh1 Qxf2 0-1

[Event "39 Open Internacional de San Sebastian [Fide Code Event 127615]"]
[Site "Donostia - San Sebastian"]
[Date "2016.03.22"]
[Round "5"]
[White "GARCIA MARTINEZ, Marcos"]
[Black "MORETO QUINTANA, Alex"]
[Result "1-0"]
[BlackElo "2061"]
[ECO "D11"]
[Opening "Slav"]
[Variation "Slav-Reti System"]
[WhiteElo "2150"]
[TimeControl "420+3"]
[Termination "normal"]
[PlyCount "61"]
[WhiteType "human"]
[BlackType "human"]

1. d4 d5 2. g3 Nf6 3. Nf3 c6 4. c4 Bf5 5. Bg2 Nbd7 6. Nc3 e6 7. O-O Be7 8.
b3 O-O 9. Bb2 dxc4 10. bxc4 Qb6 11. Qb3 Qa6 12. Rfe1 Ne4 13. Nh4 Nd2 14.
Nxf5 Nxb3 15. Nxe7+ Kh8 16. axb3 Qb6 17. d5 cxd5 18. cxd5 Qxb3 19. Reb1 Qb4
20. d6 Qxd6 21. Ba3 Qe5 22. Ne4 Nb6 23. Bd6 Qh5 24. Bf3 Qh3 25. Bg2 Qh5 26.
Bf3 Qh3 27. Nc5 Nc4 28. Nxb7 Nxd6 29. Nxd6 Rab8 30. Rxb8 Rxb8 31. Nxf7# 1-0

[Event "39 Open Internacional de San Sebastian [Fide Code Event 127615]"]
[Site "Donostia - San Sebastian"]
[Date "2016.03.22"]
[Round "5"]
[White "HUERGA LEACHE, Mikel"]
[Black "TORRES NOVALBOS, David"]
[Result "1-0"]
[BlackElo "1971"]
[ECO "A13"]
[Opening "English"]
[Variation "Neo-Catalan, 4...c6 5.b3"]
[WhiteElo "2450"]
[TimeControl "420+3"]
[Termination "normal"]
[PlyCount "53"]
[WhiteType "human"]
[BlackType "human"]

1. Nf3 d5 2. c4 e6 3. g3 c6 4. b3 Nf6 5. Bg2 Nbd7 6. Bb2 Bd6 7. Nc3 Qe7 8.
O-O O-O 9. Qc2 b6 10. cxd5 exd5 11. Nd4 Bb7 12. Nf5 Qe6 13. Bh3 Ne8 14.
Rac1 Rd8 15. Kg2 Qg6 16. Nd1 c5 17. d4 Kh8 18. Nxd6 Qxd6 19. Ne3 c4 20. Nf5
Qc7 21. Ba3 Rg8 22. Kg1 b5 23. Bg2 Nef6 24. bxc4 bxc4 25. Qd2 g6 26. Nd6
Nf8 27. Qf4 1-0

[Event "39 Open Internacional de San Sebastian [Fide Code Event 127615]"]
[Site "Donostia - San Sebastian"]
[Date "2016.03.22"]
[Round "5"]
[White "CAMARENA GIMENEZ, Rufino"]
[Black "JORDANA VARGAS, Julio"]
[Result "1-0"]
[BlackElo "1983"]
[ECO "A32"]
[Opening "English"]
[Variation "Symmetrical, Two Knights, 5.Nc3 Bb4 6.Bd2"]
[WhiteElo "2424"]
[TimeControl "420+3"]
[Termination "normal"]
[PlyCount "41"]
[WhiteType "human"]
[BlackType "human"]

1. d4 Nf6 2. c4 c5 3. Nf3 cxd4 4. Nxd4 e6 5. Nc3 Bb4 6. Bd2 O-O 7. g3 d5 8.
cxd5 Nxd5 9. Bg2 Bxc3 10. Bxc3 Nxc3 11. bxc3 e5 12. Nb3 Qc7 13. Qd2 Nc6 14.
O-O Rd8 15. Qe3 f6 16. Rfd1 Bf5 17. Bd5+ Kh8 18. Nc5 Rac8 19. Qf3 Bd7 20.
Rab1 b6 21. Nxd7 1-0

[Event "39 Open Internacional de San Sebastian [Fide Code Event 127615]"]
[Site "Donostia - San Sebastian"]
[Date "2016.03.23"]
[Round "6"]
[White "SANTOS LATASA, Jaime"]
[Black "PAP, Misa"]
[Result "1/2-1/2"]
[BlackElo "2483"]
[ECO "A88"]
[Opening "Dutch"]
[Variation "Leningrad, Main Line, 7.Nc3 c6"]
[WhiteElo "2531"]
[TimeControl "420+3"]
[Termination "normal"]
[PlyCount "28"]
[WhiteType "human"]
[BlackType "human"]

1. d4 f5 2. g3 Nf6 3. Bg2 g6 4. Nf3 Bg7 5. O-O O-O 6. c4 d6 7. Nc3 c6 8. b4
Be6 9. d5 Bf7 10. Nd4 cxd5 11. cxd5 Na6 12. Rb1 Nc7 13. Nb3 Qd7 14. Na5
Rac8 1/2-1/2

[Event "39 Open Internacional de San Sebastian [Fide Code Event 127615]"]
[Site "Donostia - San Sebastian"]
[Date "2016.03.23"]
[Round "6"]
[White "VALDES ROMERO, Leonardo"]
[Black "MOVSZISZIAN, Karen"]
[Result "1/2-1/2"]
[BlackElo "2464"]
[ECO "E63"]
[Opening "King's Indian"]
[Variation "Fianchetto, Panno, 8.b3 Rb8 9.Nd5"]
[WhiteElo "2375"]
[TimeControl "420+3"]
[Termination "normal"]
[PlyCount "22"]
[WhiteType "human"]
[BlackType "human"]

1. Nf3 g6 2. g3 Bg7 3. d4 Nf6 4. Bg2 O-O 5. O-O d6 6. c4 Nc6 7. Nc3 a6 8.
b3 Rb8 9. Nd5 Nh5 10. Bb2 e6 11. Ne3 f5 1/2-1/2

[Event "39 Open Internacional de San Sebastian [Fide Code Event 127615]"]
[Site "Donostia - San Sebastian"]
[Date "2016.03.23"]
[Round "6"]
[White "TRATAR, Marko"]
[Black "PAUNOVIC, Dragan"]
[Result "1/2-1/2"]
[BlackElo "2427"]
[ECO "D67"]
[Opening "QGD"]
[Variation "Orthodox, Main Line, Capablanca, 11.O-O Nxc3"]
[WhiteElo "2471"]
[TimeControl "420+3"]
[Termination "normal"]
[PlyCount "23"]
[WhiteType "human"]
[BlackType "human"]

1. d4 Nf6 2. Nf3 e6 3. c4 d5 4. Nc3 Be7 5. Bg5 O-O 6. e3 Nbd7 7. Rc1 c6 8.
Bd3 dxc4 9. Bxc4 Nd5 10. Bxe7 Qxe7 11. O-O Nxc3 12. Rxc3 1/2-1/2

[Event "39 Open Internacional de San Sebastian [Fide Code Event 127615]"]
[Site "Donostia - San Sebastian"]
[Date "2016.03.23"]
[Round "6"]
[White "SKOMOROKHIN, Roman"]
[Black "AOUT, Sebastien"]
[Result "1/2-1/2"]
[BlackElo "2258"]
[ECO "D27"]
[Opening "QGA"]
[Variation "Classical, Spassky Variation"]
[WhiteElo "2410"]
[TimeControl "420+3"]
[Termination "normal"]
[PlyCount "80"]
[WhiteType "human"]
[BlackType "human"]

1. d4 d5 2. Nf3 Nf6 3. c4 dxc4 4. e3 a6 5. Bxc4 e6 6. O-O c5 7. dxc5 Bxc5
8. Qxd8+ Kxd8 9. Nbd2 b5 10. Be2 Bb7 11. a4 bxa4 12. Ne5 Ke7 13. Nd3 Nbd7
14. Rxa4 Rhb8 15. Nxc5 Nxc5 16. Ra5 Nfe4 17. Nxe4 Nxe4 18. f3 Nd6 19. e4 f6
20. Rd1 Bc8 21. Bf1 Nb5 22. Be3 e5 23. Bc5+ Ke8 24. b4 Bb7 25. Bxb5+ axb5
26. Rxb5 Ba6 27. Ra5 Bc4 28. Rda1 Rxa5 29. Rxa5 Rb7 30. h4 h5 31. g3 Kf7
32. Kg2 Bd3 33. Kf2 Bc4 34. f4 Ke6 35. Kf3 g6 36. fxe5 fxe5 37. Ke3 Bb5 38.
Kd2 Rd7+ 39. Kc3 Bd3 1/2-1/2

[Event "39 Open Internacional de San Sebastian [Fide Code Event 127615]"]
[Site "Donostia - San Sebastian"]
[Date "2016.03.23"]
[Round "6"]
[White "AABLING-THOMSEN, Jakob"]
[Black "PEREZ PACHECO, Ricardo"]
[Result "1-0"]
[BlackElo "2141"]
[ECO "A18"]
[Opening "English"]
[Variation "Mikenas, Flohr, 7.Nf3"]
[WhiteElo "2341"]
[TimeControl "420+3"]
[Termination "normal"]
[PlyCount "99"]
[WhiteType "human"]
[BlackType "human"]

1. c4 Nf6 2. Nc3 e6 3. e4 d5 4. e5 d4 5. exf6 dxc3 6. bxc3 Qxf6 7. Nf3 c5
8. Bd3 Nc6 9. O-O Qd8 10. Be4 Be7 11. d4 cxd4 12. cxd4 Bf6 13. Be3 O-O 14.
Rb1 g6 15. Qd2 Re8 16. Rfd1 Bg7 17. h4 Qa5 18. Qc2 f5 19. Bd3 e5 20. c5
exd4 21. Nxd4 Ne5 22. Bb5 Rf8 23. Ne2 Be6 24. Nf4 Bf7 25. a4 Rfd8 26. Be2
Qc7 27. Nh3 Rxd1+ 28. Bxd1 Bd5 29. Nf4 Bf7 30. h5 Nc4 31. hxg6 hxg6 32. Bc1
Re8 33. Be2 Ne5 34. Be3 Rc8 35. Qd2 g5 36. Nh5 f4 37. Bd4 Bxh5 38. Bxh5 Rd8
39. Bxe5 Bxe5 40. Qc2 Qc6 41. Bf3 Qe6 42. Rxb7 Bg7 43. Rxa7 g4 44. Be2 Kh8
45. Ra6 Qd7 46. Rd6 Qc7 47. Rxd8+ Qxd8 48. Bxg4 Be5 49. Qf5 Qd4 50. Qf8+
1-0

[Event "39 Open Internacional de San Sebastian [Fide Code Event 127615]"]
[Site "Donostia - San Sebastian"]
[Date "2016.03.23"]
[Round "6"]
[White "FERNANDEZ DE BOBADILLA, Jaime"]
[Black "HUERGA LEACHE, Mikel"]
[Result "0-1"]
[BlackElo "2450"]
[ECO "B31"]
[Opening "Sicilian"]
[Variation "Rossolimo, 3...g6 4.Bxc6"]
[WhiteElo "2070"]
[TimeControl "420+3"]
[Termination "normal"]
[PlyCount "60"]
[WhiteType "human"]
[BlackType "human"]

1. e4 c5 2. Nf3 Nc6 3. Bb5 g6 4. Bxc6 bxc6 5. O-O Bg7 6. Re1 e5 7. c4 Ne7
8. d3 O-O 9. Nc3 d6 10. Bd2 f5 11. h3 h6 12. a3 a5 13. Na4 g5 14. b4 axb4
15. axb4 cxb4 16. Bxb4 c5 17. Bd2 Ng6 18. Rb1 Ra6 19. Rb8 Qc7 20. Qb3 fxe4
21. dxe4 Rxa4 22. Rxc8 Qxc8 23. Qxa4 Rxf3 24. gxf3 Qxh3 25. Qe8+ Kh7 26.
Bxg5 hxg5 27. Qf7 Nh4 28. Qh5+ Kg8 29. Qe8+ Bf8 30. Qe6+ Qxe6 0-1

[Event "39 Open Internacional de San Sebastian [Fide Code Event 127615]"]
[Site "Donostia - San Sebastian"]
[Date "2016.03.23"]
[Round "6"]
[White "SCHOLZEN, Wolfgang"]
[Black "CAMARENA GIMENEZ, Rufino"]
[Result "0-1"]
[BlackElo "2424"]
[ECO "E61"]
[Opening "King's Indian"]
[Variation "Smyslov System, 5...c5 6.e3"]
[WhiteElo "2065"]
[TimeControl "420+3"]
[Termination "normal"]
[PlyCount "48"]
[WhiteType "human"]
[BlackType "human"]

1. d4 Nf6 2. Nf3 g6 3. c4 Bg7 4. Nc3 O-O 5. Bg5 c5 6. e3 cxd4 7. exd4 d5 8.
h3 Ne4 9. Bf4 Nc6 10. cxd5 Nxc3 11. bxc3 Qxd5 12. Be2 b6 13. O-O Bb7 14.
Qd2 Rfd8 15. Bh6 Rac8 16. Bxg7 Kxg7 17. Qe3 Na5 18. Rfc1 e6 19. Bf1 Nc4 20.
Qf4 Qf5 21. Qxf5 gxf5 22. a4 Bxf3 23. gxf3 Nd2 24. Ba6 Rc7 0-1

[Event "39 Open Internacional de San Sebastian [Fide Code Event 127615]"]
[Site "Donostia - San Sebastian"]
[Date "2016.03.23"]
[Round "6"]
[White "LAGOS LEJARRAGA, Jon"]
[Black "NAVA PEREDA, Carlos"]
[Result "1-0"]
[BlackElo "2268"]
[ECO "C10"]
[Opening "French"]
[Variation "3.Nc3 Nc6 4.Nf3 Nf6"]
[WhiteElo "1919"]
[TimeControl "420+3"]
[Termination "normal"]
[PlyCount "53"]
[WhiteType "human"]
[BlackType "human"]

1. e4 Nc6 2. Nc3 e6 3. Nf3 d5 4. d4 Nf6 5. Bg5 Be7 6. e5 Ne4 7. Bxe7 Qxe7
8. Nxe4 dxe4 9. Nd2 Nxd4 10. Nxe4 Nc6 11. c3 Nxe5 12. Qd4 f6 13. O-O-O O-O
14. f4 Nf7 15. Bc4 Rd8 16. Qe3 b6 17. Rxd8+ Nxd8 18. Re1 Kh8 19. Bd3 Nf7
20. Nxf6 Bb7 21. Nxh7 Rd8 22. Bg6 Qh4 23. g3 Qxh2 24. Qxe6 Qd2+ 25. Kb1 Nh6
26. Ng5 Ba6 27. Qe8+ 1-0

[Event "39 Open Internacional de San Sebastian [Fide Code Event 127615]"]
[Site "Donostia - San Sebastian"]
[Date "2016.03.23"]
[Round "6"]
[White "AROCENA URIA, Jaime"]
[Black "LORENZO DURAN, Marcos"]
[Result "0-1"]
[BlackElo "2121"]
[ECO "B17"]
[Opening "Caro-Kann"]
[Variation "Steinitz, 5.Nf3 Ngf6 6.Ng3 e6"]
[WhiteElo "1820"]
[TimeControl "420+3"]
[Termination "normal"]
[PlyCount "50"]
[WhiteType "human"]
[BlackType "human"]

1. e4 c6 2. d4 d5 3. Nc3 dxe4 4. Nxe4 Nd7 5. Nf3 Ngf6 6. Ng3 e6 7. Bd3 Be7
8. O-O O-O 9. Re1 b6 10. Ne5 Bb7 11. Ne4 c5 12. Nxd7 Qxd7 13. Nxf6+ Bxf6
14. dxc5 Qd5 15. Qg4 Qxc5 16. Be4 Bxe4 17. Qxe4 Rac8 18. c3 Rfd8 19. Be3
Qb5 20. Qc2 Rd3 21. Rad1 Rcd8 22. Rxd3 Rxd3 23. a4 Qf5 24. a5 Rxe3 25. Kf1
Rd3 0-1

[Event "39 Open Internacional de San Sebastian [Fide Code Event 127615]"]
[Site "Donostia - San Sebastian"]
[Date "2016.03.23"]
[Round "6"]
[White "SEGOVIA SANCHEZ, Antonio"]
[Black "MUNOZ AVILA, Jose Luis"]
[Result "1/2-1/2"]
[BlackElo "2023"]
[ECO "A39"]
[Opening "English"]
[Variation "Symmetrical, Main Line 7.d4, 8...a6"]
[WhiteElo "2074"]
[TimeControl "420+3"]
[Termination "normal"]
[PlyCount "64"]
[WhiteType "human"]
[BlackType "human"]

1. Nf3 Nf6 2. c4 c5 3. Nc3 Nc6 4. d4 cxd4 5. Nxd4 g6 6. g3 Bg7 7. Bg2 O-O
8. O-O a6 9. Nxc6 bxc6 10. Qc2 Qc7 11. b4 Rb8 12. Rb1 d6 13. Bd2 Be6 14.
Na4 Nd7 15. c5 dxc5 16. bxc5 Rb5 17. Rb4 a5 18. Rxb5 cxb5 19. Nb6 Qxc5 20.
Qxc5 Nxc5 21. Rc1 Na4 22. Bxa5 Nxb6 23. Bxb6 Bxa2 24. Ba5 Bc4 25. Bb4 Rd8
26. Bxe7 Rd2 27. Ba3 h5 28. e3 Ra2 29. Bc5 Bb2 30. Rd1 Bc3 31. Bd5 Bxd5 32.
Rxd5 b4 1/2-1/2

[Event "39 Open Internacional de San Sebastian [Fide Code Event 127615]"]
[Site "Donostia - San Sebastian"]
[Date "2016.03.23"]
[Round "6"]
[White "POGORELOV, Ruslan"]
[Black "IDIAZABAL TROYAS, Aritz"]
[Result "1/2-1/2"]
[BlackElo "1993"]
[ECO "B39"]
[Opening "Sicilian"]
[Variation "Maroczy Bind, Breyer, 8.Qxg4 Nxd4 9.Qd1 Ne6 10.Rc1"]
[WhiteElo "2347"]
[TimeControl "420+3"]
[Termination "normal"]
[PlyCount "72"]
[WhiteType "human"]
[BlackType "human"]

1. Nf3 c5 2. c4 Nc6 3. d4 cxd4 4. Nxd4 g6 5. e4 Bg7 6. Be3 Nf6 7. Nc3 Ng4
8. Qxg4 Nxd4 9. Qd1 Ne6 10. Rc1 O-O 11. Bd3 b6 12. Qd2 Nc5 13. Bb1 d6 14.
O-O Be6 15. Nd5 Rc8 16. Bh6 Nd7 17. b3 a6 18. h4 b5 19. cxb5 Rxc1 20. Rxc1
Bxh6 21. Qxh6 Bxd5 22. exd5 axb5 23. h5 Ne5 24. Qe3 Qa8 25. Rd1 Qc8 26. Qe2
Qc5 27. Kh1 Qb4 28. g3 f5 29. f4 Ng4 30. Qe6+ Kg7 31. Qxe7+ Rf7 32. Qe1 Qc5
33. Rd2 Nf6 34. Bc2 Nxd5 35. Bd1 Re7 36. Qg1 Re3 1/2-1/2

[Event "39 Open Internacional de San Sebastian [Fide Code Event 127615]"]
[Site "Donostia - San Sebastian"]
[Date "2016.03.24"]
[Round "7"]
[White "VALDES ROMERO, Leonardo"]
[Black "SANTOS LATASA, Jaime"]
[Result "0-1"]
[BlackElo "2531"]
[ECO "A37"]
[Opening "English"]
[Variation "Symmetrical, 5.Nf3 d6"]
[WhiteElo "2375"]
[TimeControl "420+3"]
[Termination "normal"]
[PlyCount "78"]
[WhiteType "human"]
[BlackType "human"]

1. Nf3 c5 2. g3 g6 3. Bg2 Bg7 4. c4 Nc6 5. Nc3 d6 6. a3 e6 7. d3 Nge7 8.
Bd2 O-O 9. Rb1 b6 10. b4 Bb7 11. O-O Qd7 12. Qa4 h6 13. h4 Kh7 14. Rfc1
Rfd8 15. bxc5 dxc5 16. Qb5 Nf5 17. Ne4 Qe7 18. Bc3 Bxc3 19. Nxc3 Ncd4 20.
Nxd4 Nxd4 21. Qb2 Bxg2 22. Kxg2 f5 23. Nb5 f4 24. Nxd4 Rxd4 25. Rh1 Rf8 26.
f3 fxg3 27. Kxg3 Qd6+ 28. Kf2 h5 29. Rh3 Rff4 30. Rbh1 Qd8 31. Kg3 Rf5 32.
Qc1 a6 33. Kf2 b5 34. cxb5 axb5 35. Rg3 Rxh4 36. Rhg1 Rh2+ 37. Ke1 Qd4 38.
Kd1 Rxf3 39. Qg5 Qa1+ 0-1

[Event "39 Open Internacional de San Sebastian [Fide Code Event 127615]"]
[Site "Donostia - San Sebastian"]
[Date "2016.03.24"]
[Round "7"]
[White "PAP, Misa"]
[Black "PAUNOVIC, Dragan"]
[Result "1/2-1/2"]
[BlackElo "2427"]
[ECO "B07"]
[Opening "Pirc"]
[Variation "3.Nc3 e5 Queen Swap"]
[WhiteElo "2483"]
[TimeControl "420+3"]
[Termination "normal"]
[PlyCount "31"]
[WhiteType "human"]
[BlackType "human"]

1. e4 d6 2. d4 Nf6 3. Nc3 e5 4. dxe5 dxe5 5. Qxd8+ Kxd8 6. Bc4 Ke8 7. Nf3
Bd6 8. Bg5 Nbd7 9. O-O-O a6 10. Rhe1 h6 11. Bh4 g6 12. Nd5 Nxd5 13. Bxd5
Kf8 14. a3 Kg7 15. Ba2 Re8 16. h3 1/2-1/2

[Event "39 Open Internacional de San Sebastian [Fide Code Event 127615]"]
[Site "Donostia - San Sebastian"]
[Date "2016.03.24"]
[Round "7"]
[White "MOVSZISZIAN, Karen"]
[Black "GARCIA MARTINEZ, Marcos"]
[Result "1-0"]
[BlackElo "2150"]
[ECO "A00"]
[Opening "Benko Opening"]
[Variation "1.g3 d5 2.Bg2 Nf6"]
[WhiteElo "2464"]
[TimeControl "420+3"]
[Termination "normal"]
[PlyCount "95"]
[WhiteType "human"]
[BlackType "human"]

1. g3 d5 2. Bg2 Nf6 3. d3 e6 4. Nd2 Be7 5. e4 c5 6. Nh3 dxe4 7. dxe4 e5 8.
O-O Nc6 9. c3 Qc7 10. f4 Bg4 11. Qe1 Rd8 12. Nf2 Bc8 13. f5 b6 14. Qe2 Bb7
15. Nf3 Qc8 16. Re1 Ba6 17. Qc2 c4 18. Be3 Nd7 19. Rad1 f6 20. h4 Bc5 21.
Bf1 Bxe3 22. Rxe3 Nc5 23. Rxd8+ Qxd8 24. g4 Ke7 25. Re1 Qa8 26. Nd2 Na5 27.
b4 cxb3 28. axb3 Bxf1 29. Kxf1 Nc6 30. Nc4 g6 31. Ne3 a5 32. g5 Qa6+ 33.
Kg2 fxg5 34. hxg5 gxf5 35. Nxf5+ Kd7 36. Rh1 Ne6 37. Qd2+ Kc8 38. Rh6 Nf4+
39. Kf3 Nd8 40. Nd6+ Kc7 41. Nc4 Nf7 42. Rxb6 Qc8 43. Qe3 Nxg5+ 44. Kg3
Nge6 45. Nxe5 Rg8+ 46. Nfg4 Rxg4+ 47. Nxg4 Qg8 48. Rb5 1-0